 Dungeon Crawl Stone Soup version 0.31.0-32-g396128a36d (webtiles) character file.

Game seed: 5588442795678834543

115 boopmooplesden the Covered (level 4, -1/38 HPs)
             Began as an Armataur Fighter on Mar 18, 2024.
             Slain by a ball python (2 damage)
             ... in a sewer.
             The game lasted 00:04:30 (2574 turns).

boopmooplesden the Covered (Armataur Fighter)       Turns: 2574, Time: 00:04:34

Health: -1/38      AC:  7    Str: 22    XL:     4   Next: 68%
Magic:  4/4        EV:  7    Int:  8    God:
Gold:   136        SH: 11    Dex: 11    Spells: 3/3 levels left

rFire   . . .        a - +0 long sword
rCold   . . .        c - +2 buckler
rNeg    . . .        b - +0 scale mail
rPois   +            (no helmet)
rElec   .            (no cloak)
rCorr   .            (no gloves)
SInv    .            (no barding)
Will    .....        l - amulet of reflection Stlth
                     f - ring of poison resistance
HPRegen 0.26/turn    (no ring)
MPRegen 0.09/turn

%: reflection, roll
@: hasted, very quick
A: large, deformed body, tough skin 3, armoured tail, roll 1
a: no special abilities


You were in a sewer.
You visited 1 branch of the dungeon, and saw 4 of its levels.
You also visited: Sewer.

You collected 136 gold pieces.

Inventory:

Hand Weapons
 a - a +0 long sword (weapon)
Armour
 b - a +0 scale mail (worn)
 c - a +2 buckler (worn)
Jewellery
 f - a ring of poison resistance (left hand)
 j - an amulet of guardian spirit
 l - an amulet of reflection (around neck)
 s - a ring of protection from cold
Talismans
 u - a beast talisman
Wands
 h - a wand of charming (9)
Scrolls
 q - a scroll of summoning {unknown}
Potions
 e - a potion of curing
 g - a potion of haste
 i - a potion of cancellation {unknown}
 k - a potion of degeneration {unknown}
 m - a potion of mutation {unknown}
 n - 2 potions of magic {unknown}
 o - a potion of resistance {unknown}
 p - 2 potions of brilliance {unknown}
 r - a potion of lignification {unknown}


   Skills:
 + Level 3.1 Fighting
 + Level 2.9 Long Blades
 + Level 4.4 Armour
 + Level 0.6 Dodging
 + Level 4.0 Shields


You had 3 spell levels left.
You didn't know any spells.
Your spell library contained the following spells:

 Spells                   Type           Power      Damage    Failure   Level
 Inner Flame              Hex/Fire       0%         N/A       99%         3
 Flame Wave               Conj/Fire      0%         2d4       100%        4
 Sticky Flame             Fire/Alch      0%         2d4       100%        4


Dungeon Overview and Level Annotations

Branches:
Dungeon (4/15)              Sewer (1/1)
 Temple: D:4-7

Altars:


Innate Abilities, Weirdness & Mutations

Armour fits poorly on your strangely shaped body.
You have extremely tough skin. (AC +3)
You have a long armoured tail.
You regenerate magic when rolling toward enemies. (Rampage MPRegen)


Message History

The ball python bites you but does no damage.
You block the river rat's attack.
The ball python bites you but does no damage.
It was a potion of haste.
You feel yourself speed up.
A ball python comes into view.
The ball python bites you but does no damage.
The ball python barely misses you. x2; You block the river rat's attack.
The river rat bites you.
* * * LOW HITPOINT WARNING * * *
It was a potion of curing.
You feel better. The ball python closely misses you.
The ball python bites you but does no damage.
The ball python closely misses you.
You hit the river rat but do no damage.
The river rat is heavily wounded.
The river rat bites you.
* * * LOW HITPOINT WARNING * * *
The river rat barely misses you.
The ball python bites you but does no damage.
You block the ball python's attack. x2
You hit the ball python.
You kill the ball python!
The river rat bites you.
* * * LOW HITPOINT WARNING * * *
You block the ball python's attack. The river rat bites you.
* * * LOW HITPOINT WARNING * * *
The frilled lizard bites you but does no damage.
The ball python bites you but does no damage.
You feel better. You block the ball python's attack.
The river rat bites you but does no damage. x2
You block the river rat's attack.
The frilled lizard bites you but does no damage.
The ball python closely misses you.
As you read the scroll labelled ORAROETITZ, it crumbles to dust.
The creatures around you are filled with an inner flame!
It was a scroll of immolation.
The ball python bites you but does no damage.
The river rat bites you!
* * * LOW HITPOINT WARNING * * *
The ball python bites you.
You die...

##...## #.†.#####
#....'..# #....#..#
##...####
#....####################
#......≈≈≈≈~~~#J≈≈≈≈≈~..#
#.....~~≈≈≈~≈~rS~≈≈≈~~~..
#......~≈≈~~~~@rS~≈≈~~...
##.....≈≈≈~≈≈lSr.~~~≈~~..
##...~~~~~≈≈≈r~.~≈~≈~~..
###.#~≈≈≈≈≈≈≈≈#~~~≈~#..
###################


You could see 3 river rats, an endoplasm (inner flame), 3 ball pythons, a
frilled lizard (inner flame) and a rat (inner flame).

Vanquished Creatures
  3 adders
  A river rat (Sewer)
  A dart slug (D:1)
  3 ribbon worms
  2 orcs
  4 endoplasms
  A giant cockroach (D:2)
  4 goblins
  2 hobgoblins (D:1)
  14 kobolds
  4 quokkas
  7 ball pythons
  5 bats
  2 frilled lizards
  23 rats
76 creatures vanquished.

Notes
Turn   | Place    | Note
-------+----------+-------------------------------------------
     0 | D:1      | boopmooplesden the Armataur Fighter began the quest for the
                  | Orb.
     0 | D:1      | Reached XP level 1. HP: 18/18 MP: 1/1
   282 | D:1      | Reached XP level 2. HP: 20/25 MP: 2/2
   670 | D:1      | Found a faded altar of an unknown god.
   906 | D:2      | Reached XP level 3. HP: 31/31 MP: 3/3
  1937 | D:3      | Reached XP level 4. HP: 38/38 MP: 4/4
  2293 | D:4      | Noticed a black bear
  2331 | D:4      | Found a glowing drain.
  2350 | Sewer    | Entered a sewer
  2574 | Sewer    | HP: 1/38 [river rat (7)]
  2574 | Sewer    | Slain by a ball python

Illustrated notes

Levels and vault maps discovered:
D:1:      lemuel_arrival_broad_hall, layout_loops_cross,
          hellmonk_ecumenical_altar_prayer_group, minmay_misc_feat_doors
D:2:      minmay_skewed_foursquare, layout_basic
D:3:      layout_basic
D:4:      layout_cave_pods, minmay_temple_entry_hall,
          cheibrodos_sewer_entry_drain
Sewer:    sewer_minmay_w

Skill      XL: |  1  2  3  4 |
---------------+-------------+-----
Armour         | 4 |  4.4
Long Blades    | 2 |  2.9
Fighting       | 3 |  3.1
Shields        | 4 |  4.0
Dodging        | |  0.6

Action                     |  1- 3 |  4- 6 || total
---------------------------+-------+-------++-------
  Melee: Long sword        |   142 |    71 ||   213
         Tailslap          |    11 |    10 ||    21
    Use: Scroll            |     5 |     2 ||     7
         Potion            |       |     4 ||     4
 Armour: Scale mail        |   136 |    94 ||   230
  Dodge: Dodged            |    51 |    48 ||    99
  Block: Buckler           |    31 |    90 ||   121
         Reflection        |       |     2 ||     2
